 Dungeon Sprint DCSS version 0.31-a0-1074-g0b22e4e0f1 (webtiles) character file.

Game seed: 8880880610552317667

4100000 sircluck the Axe Maniac (level 22, -9/275 HPs)
             Began as a Troll Berserker on Dec 4, 2023.
             Was the Champion of Makhleb.
             Mangled by The Servant
             ... wielding a +9 glaive of flaming
              (15 damage)
             ... in the Dungeon (Sprint VIII: "Arena of Blood").
             The game lasted 00:01:50 (41 turns).

sircluck the Axe Maniac (Troll Berserker)             Turns: 41, Time: 00:01:50

Health: -9/275     AC:  6    Str: 33    XL:     22   Next: 62%
Magic:  20/49      EV: 24    Int:  3    God:    Makhleb [******]
Gold:   0          SH:  0    Dex: 15    Spells: 70/70 levels left

rFire   . . .        h - +∞ Axe of Woe
rCold   . . .        (shield currently unavailable)
rNeg    . . .        a - +0 animal skin
rPois   .            (helmet restricted)
rElec   .            (no cloak)
rCorr   .            (gloves unavailable)
SInv    .            (boots unavailable)
Will    +....        (no amulet)
Stlth   +++++++++    (no ring)
HPRegen 1.45/turn    (no ring)
MPRegen 0.31/turn

%: no teleportation
@: no status effects
A: large, unfitting armour, claws 3, regeneration 1, shaggy fur 1, tough skin 1
a: Renounce Religion, Minor Destruction, Lesser Servant of Makhleb, Major
Destruction, Greater Servant of Makhleb


You were in the Dungeon.
You worshipped Makhleb.
Makhleb was exalted by your worship.
You visited 1 branch

Inventory:

Hand Weapons
 h - the +∞ Axe of Woe (weapon)
   (You found it in the Dungeon)
Armour
 a - a +0 animal skin (worn)
Scrolls
 g - a scroll of blinking
Potions
 b - a potion of curing
 c - a potion of heal wounds
 d - a potion of haste
 e - 2 potions of magic
 f - a potion of berserk rage


   Skills:
 O Level 27 Fighting
 O Level 27 Axes
 O Level 27 Armour
 O Level 27 Dodging
 O Level 27 Stealth
 O Level 27 Unarmed Combat
 + Level 24.5 Spellcasting
 O Level 27 Invocations


You had 70 spell levels left.
You didn't know any spells.
Your spell library was empty.

Dungeon Overview and Level Annotations

Branches:
Dungeon (1/1)

Altars:
Makhleb

Annotations:
D The Servant


Innate Abilities, Weirdness & Mutations

You are too large for most types of armour.
You have claws for hands.
Your natural rate of healing is unusually fast.
You are covered in fur. (AC +1)
You have tough skin. (AC +1)


Message History

Unknown command.
Unknown command.
You hit the sculptor of flesh but do no damage.
You pulverise the sculptor of flesh into a thin bloody mist.
You destroy the sculptor of flesh!
Makhleb accepts your kill.
You feel better.
You dice the large bag of meat like an onion!!!
You chop the large bag of meat into pieces.
Makhleb accepts your kill.
You slice the meat berserker!!
You chop the meat berserker into pieces.
You kill the meat berserker!
Makhleb accepts your kill.
You feel better.
The large bag of meat explodes!
The fiery explosion engulfs the bag of meat!!!
The bag of meat dies!
The fiery explosion engulfs you!!
The fiery explosion engulfs The Servant!!!
The fiery explosion engulfs the meat berserker!!
You are engulfed in blazing flames.
You hear a shout! x2
A sculptor of flesh comes into view. It is wielding a +9 great sword.
The bag of meat is engulfed in blazing flames.
The destroyer points at you and mumbles some strange words.
The destroyer blinks!
A bag of meat comes into view. It is wielding a +9 war axe. x2
The bag of meat is engulfed in blazing flames. x2
A bag of meat comes into view. It is wielding a +9 war axe.
The bag of meat is engulfed in blazing flames. x3
The meat berserker is engulfed in blazing flames.
The bag of meat is engulfed in blazing flames.
The destroyer points at you and mumbles some strange words.
The destroyer blinks!
The Servant is engulfed in blazing flames.
The Servant hits you from afar with a +9 glaive of flaming!!!!
* * * LOW HITPOINT WARNING * * *
The Servant burns you!
You die...

.......... .....
o.......... ..o..
......... ..o§.o
#.......# ..#...
#......o# .
.o...o###oOo....###..
.o...o.§§oo###......
...#.ooooooo_)......
#O.oVV@§#O○○.)#...
.§.oo§oO§#o.<)_#
.#.oDOV@§#..)..#
...#oOo..o.._.....
...o..o....###.....o
o..o°.###..o ...###..
...... #..o....# o
...... #.z§o...# ..
.....


You could see The Servant, an eight-headed meat hydra, 3 destroyers, a sculptor
of flesh, a large bag of meat (inner flame), 4 meat berserkers and 33 bags of
meat.

Vanquished Creatures
  7 vampire knights (D)
  18 ogres (D)
  6 two-headed ogres (D)
  33 orcs (D)
  2 skeletal warriors (D)
66 creatures vanquished.

Vanquished Creatures (others)
  An orc (D)
1 creature vanquished.

Grand Total: 67 creatures vanquished

Notes
Turn   | Place    | Note
-------+----------+-------------------------------------------
     0 | D        | Found the +∞ Axe of Woe
     0 | D        | sircluck the Troll Berserker began the quest for the Orb.
     0 | D        | Reached XP level 1. HP: 22/22 MP: 0/0
     2 | D        | Noticed a bag of meat
     4 | D        | Fell from the grace of Trog
     4 | D        | Became a worshipper of Makhleb the Destroyer
     4 | D        | Noticed a bag of meat
     4 | D        | Noticed a bag of meat
     6 | D        | Killed a bag of meat
     6 | D        | Noticed a bag of meat
     6 | D        | Noticed a bag of meat
     7 | D        | Reached skill level 15 in Unarmed Combat
     7 | D        | Reached XP level 2. HP: 52/52 MP: 1/1
     7 | D        | Reached XP level 3. HP: 59/59 MP: 2/2
     7 | D        | Reached XP level 4. HP: 68/68 MP: 3/3
     7 | D        | Reached XP level 5. HP: 76/76 MP: 4/4
     7 | D        | Reached XP level 6. HP: 85/85 MP: 5/5
     7 | D        | Reached XP level 7. HP: 93/93 MP: 6/6
     7 | D        | Reached XP level 8. HP: 102/102 MP: 7/7
     7 | D        | Reached XP level 9. HP: 110/110 MP: 8/8
     7 | D        | Reached XP level 10. HP: 119/119 MP: 9/9
     7 | D        | Noticed a bag of meat
     8 | D        | Killed a bag of meat
     8 | D        | Reached * piety under Makhleb
     8 | D        | Noticed a bag of meat
     8 | D        | Noticed a bag of meat
     9 | D        | Reached XP level 11. HP: 127/127 MP: 10/10
     9 | D        | Killed a bag of meat
     9 | D        | Noticed a meat berserker
     9 | D        | Noticed a meat berserker
    10 | D        | Reached XP level 12. HP: 105/136 MP: 11/11
    10 | D        | Noticed a meat berserker
    10 | D        | Killed a bag of meat
    10 | D        | Noticed a bag of meat
    10 | D        | Noticed a bag of meat
    10 | D        | Noticed a bag of meat
    11 | D        | Reached XP level 13. HP: 112/144 MP: 12/12
    11 | D        | Killed a bag of meat
    11 | D        | Reached ** piety under Makhleb
    11 | D        | Noticed a bag of meat
    11 | D        | Noticed a bag of meat
    12 | D        | Killed a bag of meat
    12 | D        | Noticed a meat berserker
    12 | D        | Noticed a meat berserker
    12 | D        | Noticed a bag of meat
    13 | D        | Noticed a bag of meat
    14 | D        | Killed a bag of meat
    14 | D        | Killed a meat berserker
    14 | D        | Reached *** piety under Makhleb
    14 | D        | Killed a meat berserker
    15 | D        | Reached skill level 27 in Axes
    15 | D        | Reached XP level 14. HP: 162/162 MP: 13/13
    15 | D        | Reached XP level 15. HP: 170/170 MP: 14/14
    15 | D        | Killed a meat berserker
    17 | D        | Reached **** piety under Makhleb
    17 | D        | Killed a meat berserker
    17 | D        | Noticed a meat berserker
    18 | D        | Reached XP level 16. HP: 195/195 MP: 15/15
    18 | D        | Killed a meat berserker
    18 | D        | Noticed a meat berserker
    19 | D        | Noticed a meat berserker
    20 | D        | Noticed a meat berserker
    20 | D        | Noticed a destroyer
    20 | D        | Noticed a meat berserker
    21 | D        | Killed a destroyer
    21 | D        | Reached ***** piety under Makhleb
    21 | D        | Noticed a large bag of meat
    22 | D        | Reached XP level 17. HP: 222/222 MP: 16/16
    22 | D        | Noticed a large bag of meat
    22 | D        | Noticed a meat berserker
    23 | D        | Reached skill level 27 in Fighting
    23 | D        | Reached skill level 27 in Dodging
    23 | D        | Killed a large bag of meat
    23 | D        | Noticed a meat berserker
    23 | D        | Noticed a meat berserker
    24 | D        | Killed a meat berserker
    24 | D        | Killed a meat berserker
    24 | D        | Reached ****** piety under Makhleb
    25 | D        | Reached XP level 18. HP: 227/236 MP: 17/17
    25 | D        | Noticed a large bag of meat
    25 | D        | Killed a large bag of meat
    25 | D        | Killed a meat berserker
    25 | D        | Killed a meat berserker
    26 | D        | Reached XP level 19. HP: 199/245 MP: 18/18
    26 | D        | Noticed a large bag of meat
    26 | D        | Noticed a destroyer
    26 | D        | Noticed a large bag of meat
    26 | D        | Noticed a destroyer
    27 | D        | Noticed a meat berserker
    27 | D        | Noticed a meat berserker
    27 | D        | Noticed a meat berserker
    27 | D        | Noticed a destroyer
    28 | D        | Noticed a large bag of meat
    28 | D        | Killed a meat berserker
    29 | D        | Reached skill level 27 in Stealth
    29 | D        | Reached skill level 5 in Armour
    29 | D        | Killed a destroyer
    30 | D        | Reached skill level 10 in Armour
    30 | D        | Noticed a destroyer
    30 | D        | Noticed a destroyer
    30 | D        | Noticed an eight-headed meat hydra
    31 | D        | Killed a meat berserker
    31 | D        | Killed a destroyer
    31 | D        | Noticed a meat berserker
    31 | D        | Noticed The Servant
    32 | D        | Reached skill level 15 in Invocations
    32 | D        | Reached XP level 20. HP: 103/256 MP: 18/34
    32 | D        | Killed a meat berserker
    32 | D        | Killed a meat berserker
    32 | D        | Killed a meat berserker
    32 | D        | Noticed a large bag of meat
    33 | D        | Killed a meat berserker
    33 | D        | Killed a meat berserker
    33 | D        | Noticed a meat berserker
    33 | D        | Noticed a large bag of meat
    34 | D        | Reached skill level 15 in Spellcasting
    34 | D        | Reached XP level 21. HP: 133/265 MP: 18/39
    34 | D        | Killed a destroyer
    35 | D        | Reached skill level 27 in Unarmed Combat
    35 | D        | Killed a large bag of meat
    35 | D        | Killed a destroyer
    35 | D        | Noticed a destroyer
    36 | D        | Killed a large bag of meat
    37 | D        | Killed a destroyer
    38 | D        | Reached skill level 27 in Invocations
    38 | D        | Reached XP level 22. HP: 126/275 MP: 19/45
    39 | D        | Noticed a destroyer
    39 | D        | Killed a large bag of meat
    39 | D        | Killed a destroyer
    40 | D        | Reached skill level 27 in Armour
    40 | D        | Noticed a destroyer
    40 | D        | Noticed a destroyer
    41 | D        | Killed a large bag of meat
    41 | D        | HP: 6/275 [The Servant/+9 glaive of flaming (131)]
    41 | D        | Mangled by The Servant

Illustrated notes

Levels and vault maps discovered:
D:        meatsprint

Skill      XL: |  1  2  3  4  5  6  7  8  9 10 11 12 13 14 15 16 17 18 19 20 21 22 |
---------------+-------------------------------------------------------------------+-----
Fighting       | 13 16 20 26 27 | 27.0
Dodging        | 13 16 20 26 27 | 27.0
Unarmed Combat | 15 22 26 27 | 27.0
Axes           | 13 17 19 27 | 27.0
Stealth        | 19 25 27 | 27.0
Armour         | 14 19 25 27 | 27.0
Spellcasting   | 11 15 20 24 | 24.5
Invocations    | 15 20 27 | 27.0

Action                     |  1- 3 |  4- 6 |  7- 9 | 10-12 | 13-15 | 16-18 | 19-21 | 22-24 || total
---------------------------+-------+-------+-------+-------+-------+-------+-------+-------++-------
  Melee: Executioner's axe |     1 |       |       |     3 |     5 |     7 |     9 |     4 ||    29
 Armour: Animal skin       |       |       |       |     1 |     1 |     5 |    10 |     8 ||    25

Table legend: (Time is in decaauts)
 A = Elapsed time spent in this place.
 B = Non-inter-level travel time spent in this place.
 C = Inter-level travel time spent in this place.
 D = Time resting spent in this place.
 E = Time spent auto-exploring this place.
 F = Levels seen in this place.
 G = Mean time per level.
                   A        B        C        D        E       F      G
               +--------+--------+--------+--------+--------+-----+--------+
         Total |     35 |     35 |      0 |      0 |      0 |   1 |   35.0 |
       Dungeon |     35 |     35 |      0 |      0 |      0 |   1 |   35.0 |
               +--------+--------+--------+--------+--------+-----+--------+

Top non-repeatable levels by time:
       D: 35 daAuts
